 Dungeon Crawl Stone Soup version 0.27-a0-1273-gec92ba881d (webtiles) character file.

Game seed: 17616015793851283583

26 rabbitsville the Skirmisher (level 3, 0/39 HPs)
             Began as an Ogre Fighter on June 12, 2021.
             Slain by a scorpion (9 damage)
             ... on level 2 of the Dungeon.
             The game lasted 00:11:38 (1466 turns).

rabbitsville the Skirmisher (Ogre Fighter)          Turns: 1466, Time: 00:11:39

Health: 0/39       AC:  3    Str: 21    XL:     3   Next: 8%
Magic:  3/3        EV:  8    Int:  9    God:
Gold:   57         SH:  8    Dex:  8    Spells: 2/2 levels left

rFire    . . .     SeeInvis .   a - +0 war axe
rCold    . . .     Faith    .   c - +0 kite shield
rNeg     . . .     Spirit   .   b - +0 robe
rPois    .         Reflect  .   (helmet restricted)
rElec    .         Harm     .   (no cloak)
rCorr    .         Rampage  .   (gloves unavailable)
Will     .....                  (boots unavailable)
Stlth    +.........             (no amulet)
HPRegen  0.13/turn              (no ring)
MPRegen  0.08/turn              (no ring)

@: lethally poisoned (0 -> -4)
A: large, unfitting armour, tough skin 1
a: no special abilities


You were on level 2 of the Dungeon.
You visited 1 branch of the dungeon, and saw 2 of its levels.

You collected 57 gold pieces.

Inventory:

Hand Weapons
 a - a +0 war axe (weapon)
Missiles
 h - 3 boomerangs (quivered)
Armour
 b - a +0 robe (worn)
 c - a +0 kite shield (worn)
 l - a +0 pair of boots
Scrolls
 f - a scroll of vulnerability {unknown}
 i - 2 scrolls of identify
 j - a scroll of enchant armour {unknown}
Potions
 d - a potion of might
 e - 2 potions of degeneration
 g - a potion of brilliance {unknown}
 k - 2 potions of attraction {unknown}


   Skills:
 - Level 4.0 Fighting
 * Level 3.1 Axes
 - Level 2.6 Dodging
 + Level 3.0 Shields


You had 2 spell levels left.
You didn't know any spells.
Your spell library was empty.

Dungeon Overview and Level Annotations

Branches:
Dungeon (2/15)

Altars:

Shops:
D:1 [


Innate Abilities, Weirdness & Mutations

You are too large for most types of armour.
You have tough skin. (AC +1)


Message History

Aim: a kobold, wielding a +0 dagger and quivering stones (moderately wounded, 47% to hit)
You throw a boomerang. The boomerang barely misses the kobold.
The kobold throws a stone.
The stone closely misses you.
A scorpion comes into view.
There is a stone staircase leading down here.
The kobold hits you but does no damage.
The kobold throws a stone.
The stone hits you but does no damage.
The kobold throws a stone.
The stone hits you.
The kobold throws a stone.
The stone closely misses you.
The kobold throws a stone.
You block the stone.
The kobold throws a stone.
The stone hits you but does no damage.
Throw: 3 boomerangs
Press: ? - help, Q - select action Shift-Dir - straight line, f/p - kobold
Aim: a kobold, wielding a +0 dagger and quivering stones (47% to hit)
You throw a boomerang.
The boomerang closely misses the kobold.
The kobold throws a stone.
The stone hits you but does no damage.
Throw: 3 boomerangs
Press: ? - help, Q - select action Shift-Dir - straight line, f/p - kobold
Aim: a kobold, wielding a +0 dagger and quivering stones (47% to hit)
You throw a boomerang. The boomerang hits the kobold.
You kill the kobold!
The scorpion stings you!
There is a stone staircase leading up here.
The scorpion stings you.
You climb upwards.
There is a stone staircase leading down here.
You completely miss the scorpion. The scorpion stings you.
You are poisoned.
The scorpion poisons you! The scorpion stings you!
You feel sick.
The scorpion stings you but does no damage.
You climb downwards.
You feel very sick.
There is a stone staircase leading up here.
As you read the scroll labelled IXUSAZELAI, it crumbles to dust.
It is a scroll of identify.
e - 2 potions of degeneration You feel sick.
The scorpion stings you!
You die...

### #s# #@# #.# #.#
###########.#
#.).........# ##.
#.##########.......
#.# #>.†.†........
#.# #.###...####..
#K####.## .###


You could see a scorpion.

Vanquished Creatures
  2 endoplasms (D:1)
  3 giant cockroaches (D:1)
  3 goblins (D:1)
  3 jackals (D:1)
  A quokka (D:1)
  3 ball pythons
  A bat (D:1)
  2 frilled lizards
  4 kobolds
  3 rats (D:1)
25 creatures vanquished.

Notes
Turn   | Place    | Note
-------+----------+-------------------------------------------
     0 | D:1      | rabbitsville the Ogre Fighter began the quest for the Orb.
     0 | D:1      | Reached XP level 1. HP: 24/24 MP: 1/1
    28 | D:1      | Found Evibluh's Armour Boutique.
   209 | D:1      | Reached XP level 2. HP: 12/32 MP: 2/2
   684 | D:1      | Found a faded altar of an unknown god.
  1421 | D:2      | Reached XP level 3. HP: 39/39 MP: 3/3
  1429 | D:2      | Noticed a scorpion
  1466 | D:2      | Slain by a scorpion

Illustrated notes

Levels and vault maps discovered:
D:1:      amcnicky_arrival_feature_with_door, layout_basic,
          hellmonk_ecumenical_altar_crossroads, serial_shops, shop_fountains
D:2:      layout_basic, basic_altar, minmay_pentomino_w4, uniq_sigmund,
          uniq_natasha

Skill      XL: |  1  2 |
---------------+-------+-----
Shields        | 3 |  3.0
Axes           | 3 |  3.1
Fighting       | |  4.0
Dodging        | |  2.6

Action                   || total
-------------------------++-------
Melee: War axe           ||    62
Throw: Boomerang         ||    11
  Use: Scroll            ||     1
Armor: Robe              ||    25
Dodge: Dodged            ||    31
Block: Kite shield       ||    25

Table legend: (Time is in decaauts)
 A = Elapsed time spent in this place.
 B = Non-inter-level travel time spent in this place.
 C = Inter-level travel time spent in this place.
 D = Time resting spent in this place.
 E = Time spent auto-exploring this place.
 F = Levels seen in this place.
 G = Mean time per level.
                   A        B        C        D        E       F      G
               +--------+--------+--------+--------+--------+-----+--------+
         Total |   1508 |   1445 |     63 |    353 |    172 |   2 |  754.0 |
       Dungeon |   1508 |   1445 |     63 |    353 |    172 |   2 |  754.0 |
               +--------+--------+--------+--------+--------+-----+--------+

Top non-repeatable levels by time:
     D:1: 1430 daAuts
     D:2: 78 daAuts
